 Dungeon Crawl Stone Soup version 0.31-a0-1068-g5939ac1fb6 (webtiles) character file.

Game seed: 11687210698960119149

25 Maratek the Trooper (level 2, -5/27 HPs)
             Began as a Minotaur Fighter on Nov 24, 2023.
             Slain by a gnoll
             ... wielding a +2 flail of protection
              (13 damage)
             ... on level 2 of the Dungeon.
             The game lasted 00:00:37 (967 turns).

Maratek the Trooper (Minotaur Fighter)               Turns: 967, Time: 00:00:38

Health: -5/27      AC:  7    Str: 20    XL:     2   Next: 82%
Magic:  1/1        EV:  9    Int:  5    God:
Gold:   80         SH:  4    Dex:  9    Spells: 1/1 levels left

rFire   . . .        a - +0 war axe
rCold   . . .        c - +0 buckler
rNeg    . . .        b - +0 scale mail
rPois   .            (helmet restricted)
rElec   .            (no cloak)
rCorr   .            (no gloves)
SInv    .            (no boots)
Will    .....        (no amulet) Stlth
                     (no ring)
HPRegen 0.24/turn    (no ring)
MPRegen 0.07/turn

%: no passive effects
@: no status effects
A: horns 2, retaliatory headbutt
a: no special abilities


You were on level 2 of the Dungeon.
You visited 1 branch of the dungeon, and saw 2 of its levels.

You collected 80 gold pieces.

Inventory:

Hand Weapons
 a - a +0 war axe (weapon)
Armour
 b - a +0 scale mail (worn)
 c - a +0 buckler (worn)
Scrolls
 e - a scroll of blinking {unknown}
 f - a scroll of enchant weapon {unknown}
 i - a scroll of teleportation {unknown}
 k - a scroll of noise {unknown}
 l - a scroll of fear {unknown}
 m - a scroll of torment {unknown}
 o - a scroll of identify {unknown}
Potions
 d - a potion of might
 g - a potion of resistance {unknown}
 h - 2 potions of brilliance {unknown}
 j - a potion of mutation {unknown}
 n - a potion of ambrosia {unknown}


   Skills:
 + Level 4.0 Fighting
 + Level 3.0 Axes
 + Level 4.0 Armour
 + Level 4.0 Shields


You had one spell level left.
You didn't know any spells.
Your spell library contained the following spells:

 Spells                   Type           Power      Damage    Failure   Level
 Ensorcelled Hibernation  Hex/Ice        0%         N/A       95%         2
 Jinxbite                 Hex            0%         N/A       95%         2
 Sublimation of Blood     Necr           0%         N/A       95%         2
 Wereblood                Tmut           0%         N/A       95%         2
 Anguish                  Hex/Necr       0%         N/A       100%        4
 Summon Hydra             Summ           0%         N/A       100%        7


Dungeon Overview and Level Annotations

Branches:
Dungeon (2/15)

Altars:


Innate Abilities, Weirdness & Mutations

You have a pair of horns on your head.
You reflexively headbutt those who attack you in melee.


Message History

You hit the kobold.
You kill the kobold!
The gnoll barely misses you. You block the gnoll's attack.
The gnoll hits you with a +0 whip.
Your Armour skill increases to level 4!
Your Shields skill increases to level 4!
You closely miss the gnoll.
A dart slug comes into view.
The gnoll hits you from afar with a +0 spear.
The giant cockroach bites you.
You hit the gnoll.
The gnoll is moderately wounded.
You barely miss the gnoll. You slash the giant cockroach!
You kill the giant cockroach!
The gnoll hits you from afar with a +0 spear.
The gnoll hits you but does no damage. You block the gnoll's attack.
Your Axes skill increases to level 3!
You hit the gnoll.
The gnoll is heavily wounded.
You hit the gnoll. You closely miss the gnoll. The gnoll completely misses you.
The gnoll hits you from afar with a +0 spear.
The gnoll hits you with a +0 whip. The gnoll hits you with a +0 club.
The gnoll hits you with a +0 whip.
* * * LOW HITPOINT WARNING * * *
The gnoll closely misses you. You block the gnoll's attack.
The gnoll hits you but does no damage.
You are too injured to fight recklessly!
Unknown command.
You are too injured to fight recklessly!
Unknown command.
You are too injured to fight recklessly!
Unknown command.
You are too injured to fight recklessly!
You are too injured to fight recklessly!
You barely miss the gnoll.
The gnoll is heavily wounded.
You hit the gnoll. You hit the gnoll but do no damage.
The gnoll barely misses you.
The gnoll hits you with a +2 flail of protection!
You die...

.................
........................
........................
...##...................
...###..................
...# #..................
...# #.##.#####.........
...# #.##.## #.ggg.w...
...# #.##..####.@g...[..
...# #.###....#.........
+#)# #.# ####)>.........
#.# ##.######### #.# #.#
#.# #.# #.# #.# #.#


You could see 4 gnolls and a dart slug.

Vanquished Creatures
  An adder (D:2)
  A dart slug (D:2)
  An endoplasm (D:1)
  2 giant cockroaches (D:2)
  A goblin (D:1)
  A jackal (D:2)
  A quokka (D:2)
  A ball python (D:1)
  A bat (D:2)
  2 kobolds (D:2)
  2 rats
14 creatures vanquished.

Notes
Turn   | Place    | Note
-------+----------+-------------------------------------------
     0 | D:1      | Maratek the Minotaur Fighter began the quest for the Orb.
     0 | D:1      | Reached XP level 1. HP: 19/19 MP: 0/0
   112 | D:1      | Found a faded altar of an unknown god.
   836 | D:2      | Reached XP level 2. HP: 27/27 MP: 1/1
   967 | D:2      | Slain by a gnoll

Illustrated notes

Levels and vault maps discovered:
D:1:      dpeg_arrival_connections, layout_basic, basic_ecumenical_altar
D:2:      layout_basic

Skill      XL: |  1  2 |
---------------+-------+-----
Fighting       | 4 |  4.0
Armour         | 4 |  4.0
Shields        | 4 |  4.0
Axes           | 3 |  3.0

Action                     || total
---------------------------++-------
  Melee: War axe           ||    35
 Armour: Scale mail        ||    35
  Dodge: Dodged            ||    17
  Block: Buckler           ||     7

Table legend: (Time is in decaauts)
 A = Elapsed time spent in this place.
 B = Non-inter-level travel time spent in this place.
 C = Inter-level travel time spent in this place.
 D = Time resting spent in this place.
 E = Time spent auto-exploring this place.
 F = Levels seen in this place.
 G = Mean time per level.
                   A        B        C        D        E       F      G
               +--------+--------+--------+--------+--------+-----+--------+
         Total |    980 |    906 |     74 |      0 |    808 |   2 |  490.0 |
       Dungeon |    980 |    906 |     74 |      0 |    808 |   2 |  490.0 |
               +--------+--------+--------+--------+--------+-----+--------+

Top non-repeatable levels by time:
     D:1: 815 daAuts
     D:2: 164 daAuts
